 Dungeon Crawl Stone Soup version 0.29-a0-409-gd843f3a48c (webtiles) character file.

Game seed: 15016129676149251903

16746 croobank the Covert (level 12, 0/145 HPs)
             Began as a Gnoll Delver on May 14, 2022.
             Was an Initiate of Gozag.
             Slain by a wolf (8 damage)
             ... on level 2 of the Lair of Beasts.
             The game lasted 01:06:45 (20260 turns).

croobank the Covert (Gnoll Delver)                 Turns: 20260, Time: 01:06:52

Health: 0/145      AC: 15    Str: 13    XL:     12   Next: 40%
Magic:  22/22      EV:  9    Int: 13    God:    Gozag
Gold:   154        SH:  0    Dex: 14    Spells: 11/25 levels left

rFire   . . .      SeeInvis .   O - +2 war axe (elec)
rCold   . . .      Faith    .   (no shield)
rNeg    + . .      Spirit   .   p - +4 chain mail {rN+}
rPois   .          Reflect  .   (no helmet)
rElec   .          Harm     .   (no cloak)
rCorr   .          Rampage  .   D - +0 pair of gloves
Will    +....                   (no boots)
Stlth   ..........              n - amulet of the acrobat
HPRegen 0.34/turn               i - ring of willpower
MPRegen 0.18/turn               (no ring)

@: confused, berserking, ambrosia-drunk, gold aura, very quick
A: fangs 1, strong nose, distributed training
a: Renounce Religion, Potion Petition, Call Merchant, Bribe Branch


You were on level 2 of the Lair of Beasts.
You worshipped Gozag.
Gozag was aware of your devotion.
You visited 3 branches of the dungeon, and saw 13 of its levels.

You collected 2004 gold pieces.
You spent 280 gold pieces at shops.
You paid 1570 gold pieces to Gozag.

Inventory:

Hand Weapons
 a - a +1 spectral hand axe
 e - a +1 scimitar of flaming
 h - a +1 flail of holy wrath
 k - a +0 scythe of pain
 t - a +0 war axe
 y - a +0 battleaxe
 A - a +1 long sword of protection
 B - a +0 falchion
 C - a +1 dagger of venom
 E - a +2 great sword
 F - a +0 scimitar of venom
 J - a +4 dagger
 K - a +4 trident
 N - a +0 bardiche
 O - a +2 war axe of electrocution (weapon)
Missiles
 l - 320 stones
 u - 21 poisoned darts
 I - 11 datura-tipped darts (quivered)
Armour
 b - a +0 leather armour
 o - a +2 robe of fire resistance
 p - a +4 chain mail of positive energy (worn)
 w - a +0 ring mail
 z - a +3 chain mail of fire resistance
 D - a +0 pair of gloves (worn)
Magical Staves
 v - a staff of earth
Jewellery
 i - a ring of willpower (left hand)
 n - an amulet of the acrobat (around neck)
 r - an amulet of magic regeneration
Wands
 g - a wand of digging (13)
Scrolls
 c - a scroll of fog
 q - a scroll of magic mapping
Potions
 d - 3 potions of mutation
 j - 2 potions of flight
 m - 4 potions of curing
 s - a potion of degeneration
 G - 2 potions of magic
 M - a potion of brilliance


   Skills:
 + Level 9.8 Fighting
 + Level 7.2 Short Blades
 + Level 7.2 Long Blades
 + Level 8.7 Axes
 + Level 7.2 Maces & Flails
 + Level 7.2 Polearms
 + Level 7.2 Staves
 + Level 7.2 Slings
 + Level 7.2 Bows
 + Level 7.2 Crossbows
 + Level 7.2 Throwing
 + Level 7.2 Armour
 + Level 8.7 Dodging
 + Level 11.9 Stealth
 + Level 7.2 Shields
 + Level 7.2 Unarmed Combat
 + Level 7.2 Spellcasting
 + Level 6.0 Conjurations
 + Level 6.0 Hexes
 + Level 6.0 Summonings
 + Level 6.0 Necromancy
 + Level 6.0 Translocations
 + Level 6.0 Transmutations
 + Level 6.0 Fire Magic
 + Level 6.0 Ice Magic
 + Level 6.0 Air Magic
 + Level 6.0 Earth Magic
 + Level 6.0 Poison Magic
 + Level 8.0 Invocations
 + Level 7.2 Evocations


You had 11 spell levels left.
You knew the following spells:

 Your Spells              Type           Power      Damage    Failure   Level
a - Shock                 Conj/Air       80%        1d8       26%         1
b - Blade Hands           Tmut           10%        N/A       100%        5
c - Beastly Appendage     Tmut           40%        N/A       26%         1
d - Wereblood             Tmut           20%        N/A       36%         2
e - Blink                 Tloc           40%        N/A       36%         2
f - Swiftness             Air            20%        N/A       61%         3

Your spell library contained the following spells:

 Spells                   Type           Power      Damage    Failure   Level
 Portal Projectile        Hex/Tloc       40%        N/A       61%         3
 Spider Form              Tmut/Pois      20%        N/A       61%         3
 Summon Guardian Golem    Hex/Summ       20%        N/A       61%         3
 Airstrike                Air            10%        N/A       95%         4
 Excruciating Wounds      Necr           10%        N/A       100%        5
 Manifold Assault         Tloc           20%        N/A       100%        5
 Orb of Destruction       Conj           10%        9d6       100%        7
 Spellforged Servitor     Conj/Summ      10%        N/A       100%        7
 Storm Form               Tmut/Air       10%        N/A       100%        7


Dungeon Overview and Level Annotations

Branches:
Dungeon (10/15)            Temple (1/1) D:7            Lair (1/6) D:8
    Orc (0/2) D:10

Altars:
Ashenzari
Cheibriados
Dithmenos
Elyvilon
Fedhas
Gozag
Kikubaaqudgha
Makhleb
Nemelex Xobeh
Okawaru
Qazlal
Ru
Sif Muna
Trog
Uskayaw
Vehumet
Wu Jian
Xom
Yredelemnul
Zin
The Shining One

Shops:
D:7 !

Annotations:
D:3 2 transporters, Hubjo's ghost, weakling DEFE
D:7 3 runed translucent doors, sirJeffrey23's ghost, novice OgMo
D:10 2 transporters, jlumianski's ghost, journeyman DsFi


Innate Abilities, Weirdness & Mutations

You have very sharp teeth.
Your uncanny sense of smell can sniff out nearby items.
Your experience applies equally to all skills.


Message History

* * * LOW HITPOINT WARNING * * *
The wolf bites you but does no damage. x2; The wolf bites you.
* * * LOW HITPOINT WARNING * * *
The wolf is distracted by your dazzling golden aura.
The wolf howls! x2
Okay, then.
You are confused.
You feel invigorated.
The wolf is no longer distracted by gold.
The wolf bites you but does no damage. x2; The wolf barely misses you. x2
The wolf bites you!
* * * LOW HITPOINT WARNING * * *
You are too confused!
It was a potion of berserk rage.
A red film seems to cover your vision as you go berserk!
You feel yourself moving faster!
You feel mighty! The wolf closely misses you.
The wolf bites you but does no damage. The wolf closely misses you.
The wolf bites you but does no damage. x2
You barely miss the wolf.
The wolf is no longer distracted by gold.
You miss the wolf.
You barely miss the wolf. x2; The wolf barely misses you.
The wolf bites you but does no damage. The wolf barely misses you.
The wolf completely misses you.
You miss the wolf. Your bite misses the wolf.
The wolf is moderately wounded.
You completely miss the wolf. You closely miss the wolf.
You barely miss the wolf. The wolf bites you but does no damage.
The wolf bites you.
* * * LOW HITPOINT WARNING * * *
The wolf misses you. The wolf bites you.
* * * LOW HITPOINT WARNING * * *
Okay, then.
You barely miss the wolf. Your bite misses the wolf.
The wolf is heavily wounded.
You barely miss the wolf. You closely miss the wolf. You hit the wolf.
The wolf bites you.
* * * LOW HITPOINT WARNING * * *
The wolf bites you but does no damage. The wolf bites you!
You die...
Your body crumbles into a pile of gold.

#...........
##..........
#.........k
#..........
##........
#P........
##........
##h...##.#
#@h...# ##
#hh...#
#.....#
#......#
##....##
P......
........
#.......


You could see 4 wolves.

Vanquished Creatures
  Harold (D:8)
  Josephine (D:10)
  A boulder beetle (D:7)
  Erica (D:9)
  A two-headed ogre (D:8)
  A cane toad (Lair:1)
  2 rime drakes (Lair:1)
  3 komodo dragons (Lair:1)
  4 blink frogs
  Sigmund (D:2)
  A shadow (D:10)
  4 wraiths (D:10)
  32 yaks
  A basilisk (Lair:1)
  2 steam dragons
  3 wargs (D:8)
  An acid dragon (D:9)
  5 water moccasins
  5 orc warriors
  2 sky beasts (D:7)
  A black bear (D:5)
  2 wolves (Lair:2)
  3 ogres
  A centaur (D:9)
  A phantom (D:4)
  Blork the orc (D:5)
  A kobold brigand (D:7)
  8 bullfrogs
  2 necrophages
  A gnoll sergeant (D:8)
  3 scorpions
  13 wights
  A killer bee (D:6)
  5 howler monkeys
  9 orc priests
  5 jellies
  A gnoll shaman (D:8)
  Jessica (D:3)
  Natasha (thrice) (D:3)
  Terence (D:3)
  12 orc wizards
  2 iguanas
  16 gnolls
  8 adders
  2 white imps
  4 ufetubi
  A worm (D:3)
  2 dart slugs
  30 orcs
  8 ball pythons
  2 bats
  5 endoplasms
  2 giant cockroaches
  7 goblins
  2 hobgoblins (D:4)
  2 jackals (D:2)
  6 quokkas
  5 frilled lizards
  13 kobolds
  6 rats
270 creatures vanquished.

Vanquished Creatures (others)
  7 fungi
  27 plants
34 creatures vanquished.

Grand Total: 304 creatures vanquished

Notes
Turn   | Place    | Note
-------+----------+-------------------------------------------
     0 | D:5      | Reached skill level 9 in Stealth
     0 | D:5      | croobank the Gnoll Delver began the quest for the Orb.
     0 | D:5      | Reached XP level 1. HP: 23/23 MP: 1/1
     6 | D:5      | Found an iron altar of Okawaru.
     9 | D:5      | Found a blossoming altar of Fedhas.
    16 | D:5      | Found a sacrificial altar of Ru.
    19 | D:5      | Found a basalt altar of Yredelemnul.
    21 | D:5      | Found a stormy altar of Qazlal.
    26 | D:5      | Found a white marble altar of Elyvilon.
   213 | D:3      | Noticed Terence
   401 | D:3      | Noticed Hubjo's ghost (weakling DEFE)
   405 | D:3      | Found a transporter.
   416 | D:3      | Found a transporter.
   791 | D:2      | Reached XP level 2. HP: 7/29 MP: 2/2
  1396 | D:2      | Learned a level 1 spell: Shock
  1442 | D:2      | Reached XP level 3. HP: 30/35 MP: 0/3
  1659 | D:2      | Found a faded altar of an unknown god.
  1659 | D:2      | Noticed Sigmund
  1898 | D:1      | Reached skill level 1 in Invocations
  2179 | D:1      | Reached skill level 1 in Short Blades
  2179 | D:1      | Reached skill level 1 in Long Blades
  2179 | D:1      | Reached skill level 1 in Maces & Flails
  2179 | D:1      | Reached skill level 1 in Polearms
  2179 | D:1      | Reached skill level 1 in Staves
  2179 | D:1      | Reached skill level 1 in Slings
  2179 | D:1      | Reached skill level 1 in Bows
  2179 | D:1      | Reached skill level 1 in Crossbows
  2179 | D:1      | Reached skill level 1 in Throwing
  2179 | D:1      | Reached skill level 1 in Armour
  2179 | D:1      | Reached skill level 1 in Shields
  2179 | D:1      | Reached skill level 1 in Unarmed Combat
  2179 | D:1      | Reached skill level 1 in Spellcasting
  2179 | D:1      | Reached skill level 1 in Evocations
  2611 | D:3      | Killed Terence
  2612 | D:3      | Reached XP level 4. HP: 17/41 MP: 5/5
  2864 | D:3      | Noticed Natasha
  2865 | D:3      | Noticed Jessica
  2870 | D:3      | Reached skill level 1 in Conjurations
  2870 | D:3      | Reached skill level 1 in Hexes
  2870 | D:3      | Reached skill level 1 in Summonings
  2870 | D:3      | Reached skill level 1 in Necromancy
  2870 | D:3      | Reached skill level 1 in Translocations
  2870 | D:3      | Reached skill level 1 in Transmutations
  2870 | D:3      | Reached skill level 1 in Fire Magic
  2870 | D:3      | Reached skill level 1 in Ice Magic
  2870 | D:3      | Reached skill level 1 in Air Magic
  2870 | D:3      | Reached skill level 1 in Earth Magic
  2870 | D:3      | Reached skill level 1 in Poison Magic
  2871 | D:3      | Killed Natasha
  2872 | D:3      | Reached XP level 5. HP: 47/47 MP: 6/6
  2874 | D:3      | Noticed Natasha
  2875 | D:3      | Killed Jessica
  2884 | D:3      | Killed Natasha
  2921 | D:3      | Noticed Natasha
  2927 | D:3      | Killed Natasha
  2989 | D:3      | Reached XP level 6. HP: 29/53 MP: 8/8
  3348 | D:2      | Killed Sigmund
  3349 | D:2      | Reached skill level 5 in Axes
  3349 | D:2      | Reached skill level 5 in Dodging
  3525 | D:4      | Reached XP level 7. HP: 60/60 MP: 10/10
  3966 | D:4      | Found a hide-covered altar of Uskayaw.
  4200 | D:4      | Reached skill level 10 in Stealth
  4347 | D:5      | Reached XP level 8. HP: 67/67 MP: 10/12
  4400 | D:5      | Noticed Blork the orc
  4408 | D:5      | Killed Blork the orc
  4937 | D:5      | Learned a level 5 spell: Blade Hands
  5969 | D:6      | Found a shadowy altar of Dithmenos.
  6950 | D:6      | Reached XP level 9. HP: 58/73 MP: 14/14
  8022 | D:7      | Found a staircase to the Ecumenical Temple.
  8050 | Temple   | Entered the Ecumenical Temple
  8055 | Temple   | Became a worshipper of Gozag Ym Sagoz the Greedy
  8644 | D:7      | Noticed a boulder beetle
  8694 | D:7      | Killed a boulder beetle
  8695 | D:7      | Reached skill level 5 in Invocations
  8963 | D:7      | Noticed sirJeffrey23's ghost (novice OgMo)
  9071 | D:7      | Found Moshomen's Distillery.
  9084 | D:7      | Bought a potion of haste for 140 gold pieces
  9084 | D:7      | Bought a potion of heal wounds for 70 gold pieces
  9084 | D:7      | Bought a potion of heal wounds for 70 gold pieces
  9111 | D:7      | Reached XP level 10. HP: 75/80 MP: 17/17
  9277 | D:7      | Found a runed translucent gate.
  9280 | D:7      | Found a runed translucent gate.
  9280 | D:7      | Found a runed translucent gate.
  9606 | D:9      | Noticed Erica
 10045 | D:8      | Reached skill level 5 in Short Blades
 10045 | D:8      | Reached skill level 5 in Long Blades
 10045 | D:8      | Reached skill level 5 in Maces & Flails
 10045 | D:8      | Reached skill level 5 in Polearms
 10045 | D:8      | Reached skill level 5 in Staves
 10045 | D:8      | Reached skill level 5 in Slings
 10045 | D:8      | Reached skill level 5 in Bows
 10045 | D:8      | Reached skill level 5 in Crossbows
 10045 | D:8      | Reached skill level 5 in Throwing
 10045 | D:8      | Reached skill level 5 in Armour
 10045 | D:8      | Reached skill level 5 in Shields
 10045 | D:8      | Reached skill level 5 in Unarmed Combat
 10045 | D:8      | Reached skill level 5 in Spellcasting
 10045 | D:8      | Reached skill level 5 in Evocations
 10698 | D:8      | Noticed a two-headed ogre
 10713 | D:8      | Killed a two-headed ogre
 10714 | D:8      | Reached skill level 11 in Stealth
 11303 | D:8      | Found a staircase to the Lair.
 11592 | D:8      | Found a glowing golden altar of the Shining One.
 12073 | D:8      | Learned a level 1 spell: Beastly Appendage
 12076 | D:8      | Learned a level 2 spell: Wereblood
 12079 | D:8      | Learned a level 2 spell: Blink
 12083 | D:8      | Learned a level 3 spell: Swiftness
 12340 | D:9      | Reached XP level 11. HP: 78/87 MP: 14/19
 13314 | D:9      | Killed Erica
 13315 | D:9      | Reached skill level 5 in Conjurations
 13315 | D:9      | Reached skill level 5 in Hexes
 13315 | D:9      | Reached skill level 5 in Summonings
 13315 | D:9      | Reached skill level 5 in Necromancy
 13315 | D:9      | Reached skill level 5 in Translocations
 13315 | D:9      | Reached skill level 5 in Transmutations
 13315 | D:9      | Reached skill level 5 in Fire Magic
 13315 | D:9      | Reached skill level 5 in Ice Magic
 13315 | D:9      | Reached skill level 5 in Air Magic
 13315 | D:9      | Reached skill level 5 in Earth Magic
 13315 | D:9      | Reached skill level 5 in Poison Magic
 14091 | D:9      | Found a sparkling altar of Nemelex Xobeh.
 14398 | D:9      | Found a burning altar of Makhleb.
 14444 | D:10     | Entered Level 10 of the Dungeon
 15111 | D:10     | Found a transporter.
 15263 | D:10     | Found a staircase to the Orcish Mines.
 15385 | D:10     | Noticed jlumianski's ghost (journeyman DsFi)
 15386 | D:10     | Noticed a two-headed ogre
 15386 | D:10     | Noticed a two-headed ogre
 15386 | D:10     | Noticed a two-headed ogre
 15387 | D:10     | Found a transporter.
 15387 | D:10     | Identified the +7 dire flail of the Jester {spect, rF+
                  | Str+3 Int+4}
 15387 | D:10     | Noticed a two-headed ogre
 15781 | D:10     | Noticed Josephine
 15805 | D:10     | Killed Josephine
 16121 | Lair:1   | Entered Level 1 of the Lair of Beasts
 17194 | Lair:1   | Noticed Harold
 18143 | D:8      | Reached XP level 12. HP: 56/96 MP: 22/22
 18550 | D:8      | Killed Harold
 19824 | Lair:1   | You fall into a shaft and drop 1 floor!
 20256 | Lair:2   | HP: 4/97 [wolf (8)]
 20260 | Lair:2   | Slain by a wolf

Illustrated notes

Levels and vault maps discovered:
D:1:      ncdulo_watergridlock, layout_rooms
D:2:      layout_rooms, dreamdust_ecumenical_altar_grove, uniq_sigmund
D:3:      layout_basic, gammafunk_ghost_arena, minmay_misc_feat_five,
          uniq_natasha, uniq_terence, uniq_jessica
D:4:      layout_loops_ring, lemuel_crystal_altar
D:5:      layout_layer_cave, nicolae_overflow_hallway_of_the_gods,
          portal_sewer_entry_e, fountainhead, uniq_blork_the_orc
D:6:      layout_loops_ring, mainiacjoe_overflow_chevrons,
          serial_co_window_serial, co_window_corner_a, co_window_corner_a,
          co_window_paths_a, co_window_of_opportunity_a, co_window_cross_1,
          co_window_corner_a, co_window_paths_a, co_window_paths_a,
          co_window_paths_a, co_window_broadway_a, co_window_unsneaky_path_d,
          co_window_of_opportunity_b, co_window_paths_d, co_window_paths_e,
          glass_columns_a, hangedman_abyss_or_decor_stabs,
          kennysheep_generic_room_5
D:7:      layout_loops_ring, minmay_temple_entry_grid, serial_shops,
          nicolae_shop_competitors_out_of_business, gammafunk_ghost_icy,
          corexii_hall_statues_deadend
D:8:      layout_loops_corners, pf_just_have_faith, erik_lair_orcish_takeover,
          minmay_misc_feat_chi, grunt_ogre_cave, chequers_serial_rivers_small_3,
          minmay_door_square, corexii_leaking_fountain
D:9:      layout_irregular_city, nemelex_xobeh_ov_fountains_minmay,
          marbit_many_paths, uniq_erica
D:10:     layout_gridville, nicolae_hepliaklqana_monster_ancestors, david_orc_3,
          gammafunk_ghost_smash, uniq_josephine
Temple:   compressed_dpeg_circular_temple
Lair:1:   layout_regular_city, uniq_harold
Lair:2:   layout_chaotic_city, minmay_snake_entry_guardpost_small,
          chequers_serial_rivers_marsh, serial_bayou_lake_a

Skill      XL: |  1  2  3  4  5  6  7  8  9 10 11 12 |
---------------+-------------------------------------+-----
Stealth        | 10 11 | 11.9
Invocations    | 1 2 3 4 5 6 7 8 |  8.0
Short Blades   | 1 2 3 4 5 6 7 |  7.2
Long Blades    | 1 2 3 4 5 6 7 |  7.2
Maces & Flails | 1 2 3 4 5 6 7 |  7.2
Polearms       | 1 2 3 4 5 6 7 |  7.2
Staves         | 1 2 3 4 5 6 7 |  7.2
Slings         | 1 2 3 4 5 6 7 |  7.2
Bows           | 1 2 3 4 5 6 7 |  7.2
Crossbows      | 1 2 3 4 5 6 7 |  7.2
Throwing       | 1 2 3 4 5 6 7 |  7.2
Armour         | 1 2 3 4 5 6 7 |  7.2
Shields        | 1 2 3 4 5 6 7 |  7.2
Unarmed Combat | 1 2 3 4 5 6 7 |  7.2
Spellcasting   | 1 2 3 4 5 6 7 |  7.2
Evocations     | 1 2 3 4 5 6 7 |  7.2
Conjurations   | 1 2 3 4 5 6 |  6.0
Hexes          | 1 2 3 4 5 6 |  6.0
Summonings     | 1 2 3 4 5 6 |  6.0
Necromancy     | 1 2 3 4 5 6 |  6.0
Translocations | 1 2 3 4 5 6 |  6.0
Transmutations | 1 2 3 4 5 6 |  6.0
Fire Magic     | 1 2 3 4 5 6 |  6.0
Ice Magic      | 1 2 3 4 5 6 |  6.0
Air Magic      | 1 2 3 4 5 6 |  6.0
Earth Magic    | 1 2 3 4 5 6 |  6.0
Poison Magic   | 1 2 3 4 5 6 |  6.0
Axes           | 5 6 7 8 |  8.7
Dodging        | 5 6 7 8 |  8.7
Fighting       | 7 8 9 |  9.8

Action                   |  1- 3 |  4- 6 |  7- 9 | 10-12 || total
-------------------------+-------+-------+-------+-------++-------
Melee: Hand axe          |   119 |    42 |   238 |   592 ||   991
       Bite              |    10 |     6 |    32 |   109 ||   157
       Punch             |     2 |       |    13 |    32 ||    47
       Unarmed           |       |       |       |    19 ||    19
       War axe           |       |       |       |    18 ||    18
Throw: Throwing net      |       |       |       |     4 ||     4
       Dart              |       |       |       |     2 ||     2
 Cast: Shock             |     1 |       |       |    11 ||    12
       Blade Hands       |       |       |       |     2 ||     2
       Beastly Appendage |       |       |       |     1 ||     1
Invok: Potion Petition   |       |       |       |     3 ||     3
Evoke: Wand              |     1 |       |    12 |     4 ||    17
  Use: Scroll            |     8 |     6 |     1 |    17 ||    32
       Potion            |     1 |     2 |     6 |    13 ||    22
 Stab: Sleeping          |     9 |       |     2 |     2 ||    13
       Distracted        |       |       |     3 |    23 ||    26
       Invisible         |       |       |       |     3 ||     3
       Held in net/web   |       |       |       |     5 ||     5
Armor: Leather armour    |    30 |       |       |       ||    30
       Chain mail        |       |    17 |    93 |   289 ||   399
       Robe              |       |       |       |     7 ||     7
       Skin              |       |       |       |     6 ||     6
Dodge: Dodged            |    67 |    12 |    80 |   321 ||   480

Table legend: (Time is in decaauts)
 A = Elapsed time spent in this place.
 B = Non-inter-level travel time spent in this place.
 C = Inter-level travel time spent in this place.
 D = Time resting spent in this place.
 E = Time spent auto-exploring this place.
 F = Levels seen in this place.
 G = Mean time per level.
                   A        B        C        D        E       F      G
               +--------+--------+--------+--------+--------+-----+--------+
         Total |  20225 |  19732 |    493 |   8629 |   7670 |  13 | 1555.8 |
       Dungeon |  18011 |  17526 |    485 |   7307 |   7370 |  10 | 1801.1 |
        Temple |     82 |     74 |      8 |      0 |     62 |   1 |   82.0 |
          Lair |   2130 |   2130 |      0 |   1322 |    238 |   2 | 1065.0 |
               +--------+--------+--------+--------+--------+-----+--------+

Top non-repeatable levels by time:
     D:8: 5236 daAuts
     D:9: 2109 daAuts
     D:6: 2055 daAuts
  Lair:1: 1720 daAuts
     D:5: 1628 daAuts
     D:3: 1558 daAuts
     D:7: 1483 daAuts
    D:10: 1222 daAuts
     D:4: 1111 daAuts
     D:2: 973 daAuts
     D:1: 632 daAuts
  Lair:2: 410 daAuts
  Temple: 82 daAuts
